 Dungeon Crawl Stone Soup version 0.27.0-1-g7a089689b8 (webtiles) character file.

Game seed: 173123592468719150

3154 karkarkar the Protected (level 9, -4/80 HPs)
             Began as a Minotaur Berserker on Aug 5, 2021.
             Was a Priest of Trog.
             Slain by a four-headed hydra (9 damage)
             ... on level 8 of the Dungeon.
             The game lasted 00:17:35 (9226 turns).

karkarkar the Protected (Minotaur Berserker)        Turns: 9226, Time: 00:17:36

Health: -4/80      AC: 15    Str: 22    XL:     9   Next: 62%
Magic:  8/8        EV:  7    Int:  4    God:    Trog [***...]
Gold:   434        SH: 10    Dex: 19    Spells: 8/8 levels left

rFire    . . .     SeeInvis .   y - +6 trident (holy)
rCold    . . .     Faith    .   z - +0 kite shield
rNeg     + . .     Spirit   .   A - +0 plate armour
rPois    .         Reflect  .   (helmet restricted)
rElec    .         Harm     .   (no cloak)
rCorr    .         Rampage  .   (no gloves)
Will     ++...                  (no boots)
Stlth    ..........             (no amulet)
HPRegen  1.23/turn              i - ring of positive energy
MPRegen  0.11/turn              t - +6 ring of dexterity

@: strong-willed, regenerating, studying Armour
A: horns 2, retaliatory headbutt
a: Renounce Religion, Berserk, Trog's Hand


You were on level 8 of the Dungeon.
You worshipped Trog.
Trog was most pleased with you.
You visited 1 branch of the dungeon, and saw 8 of its levels.

You collected 434 gold pieces.

Inventory:

Hand Weapons
 h - a +0 hand axe of freezing
 y - a +6 trident of holy wrath (weapon)
 C - a +0 war axe
Missiles
 f - 8 poisoned darts (quivered)
 r - 3 javelins
Armour
 z - a +0 kite shield (worn)
 A - a +0 plate armour (worn)
Jewellery
 i - a ring of positive energy (left hand)
 t - a +6 ring of dexterity (right hand)
 x - a ring of see invisible
Wands
 v - a wand of polymorph (7)
Scrolls
 a - 2 scrolls of amnesia {unknown}
 b - 3 scrolls of teleportation
 d - a scroll of brand weapon {unknown}
 e - a scroll of magic mapping
 g - 3 scrolls of noise
 m - a scroll of summoning {unknown}
 n - a scroll of blinking {unknown}
 p - a scroll of fear
 B - a scroll of enchant weapon {unknown}
Potions
 c - 2 potions of cancellation
 j - a potion of haste {unknown}
 k - a potion of resistance
 l - a potion of lignification {unknown}
 o - 3 potions of curing
 q - 3 potions of might
 s - a potion of flight
 u - a potion of magic {unknown}
 w - 2 potions of heal wounds {unknown}


   Skills:
 + Level 7.7 Fighting
 + Level 9.5 Axes
 + Level 1.0(6.0) Polearms
 + Level 3.7 Throwing
 * Level 11.1 Armour
 + Level 5.1 Dodging
 + Level 1.9 Stealth
 + Level 2.5 Shields


You had 8 spell levels left.
You didn't know any spells.
Your spell library was empty.

Dungeon Overview and Level Annotations

Branches:
Dungeon (8/15)             Temple (0/1) D:5
   Lair: D:8-11

Altars:
Xom

Shops:
D:5 ((


Innate Abilities, Weirdness & Mutations

You have a pair of horns on your head.
You reflexively headbutt those who attack you in melee.


Message History

You start resting.
Your skin stops crawling.
You feel less strong-willed.
You start resting.
HP restored.
Found a stone staircase leading down.
A four-headed hydra comes into view.
The four-headed hydra roars!
The four-headed hydra moves out of view.
You hit the four-headed hydra.
The four-headed hydra is lightly wounded.
The four-headed hydra bites you!
The four-headed hydra closely misses you.
The four-headed hydra bites you!
The four-headed hydra closely misses you.
You puncture the four-headed hydra!
The four-headed hydra is lightly wounded.
The four-headed hydra bites you!
The four-headed hydra bites you but does no damage. x2
The four-headed hydra bites you! The four-headed hydra bites you.
You block the four-headed hydra's attack.
The four-headed hydra bites you but does no damage. x2
You puncture the four-headed hydra!
The four-headed hydra is moderately wounded.
The four-headed hydra barely misses you.
You furiously retaliate!
You headbutt the four-headed hydra!
You block the four-headed hydra's attack.
The four-headed hydra bites you!
* * * LOW HITPOINT WARNING * * *
The four-headed hydra bites you but does no damage.
Your skin crawls.
You feel strong-willed.
You can no longer call in reinforcements.
The four-headed hydra bites you but does no damage. x2
The four-headed hydra bites you!
* * * LOW HITPOINT WARNING * * *
The four-headed hydra bites you but does no damage.
The four-headed hydra bites you!
* * * LOW HITPOINT WARNING * * *
The four-headed hydra bites you!
You die...

#...................(#...##......
#....................##..#.......
#...(##⌠.⌠##..........#..........
##... #...##..........##.....#...
#.. #⌠.⌠##.........##.....##...
#. #...##.........#.....###### ..
..((.#................#
#.............#..##
#....@.......##...#
######...D.......####..##
................## #...#
........#......## ##..#
........#.......# #..#
.......###......# ##.# ......#
#......# #># ###### ##.....# ###
#.....#


You could see a four-headed hydra.

Vanquished Creatures
  Grinder (D:4)
  A steam dragon (D:6)
  2 water moccasins
  3 ice beasts
  An orc warrior (D:8)
  A sky beast (D:3)
  A black bear (D:5)
  A necrophage (D:4)
  4 ogres
  A centaur (D:6)
  A wyvern zombie (D:7)
  2 bullfrogs (D:8)
  2 gnoll sergeants (D:7)
  A water moccasin zombie (D:6)
  2 water moccasin skeletons
  2 wyvern skeletons (D:7)
  A killer bee (D:8)
  A howler monkey (D:6)
  A centaur zombie (D:8)
  3 hounds
  A jelly (D:7)
  5 orc priests
  2 centaur skeletons (D:6)
  A gnoll shaman (D:6)
  5 iguanas
  5 orc wizards
  11 gnolls
  5 adders
  An ufetubus (D:4)
  5 worms
  A dart slug (D:2)
  24 orcs
  7 ball pythons
  5 bats
  6 endoplasms
  6 giant cockroaches
  7 goblins
  5 hobgoblins
  11 jackals
  2 quokkas (D:4)
  4 frilled lizards
  7 kobolds
  2 rats
160 creatures vanquished.

Vanquished Creatures (others)
  A fungus (D:1)
1 creature vanquished.

Grand Total: 161 creatures vanquished

Notes
Turn   | Place    | Note
-------+----------+-------------------------------------------
     0 | D:1      | karkarkar the Minotaur Berserker began the quest for the
                  | Orb.
     0 | D:1      | Reached XP level 1. HP: 19/19 MP: 0/0
   199 | D:1      | Reached XP level 2. HP: 25/27 MP: 1/1
   640 | D:1      | Reached ** piety under Trog
   644 | D:1      | Found a faded altar of an unknown god.
   976 | D:2      | Reached XP level 3. HP: 30/33 MP: 2/2
  1260 | D:2      | Reached skill level 5 in Axes
  1260 | D:2      | Reached XP level 4. HP: 33/41 MP: 3/3
  1778 | D:2      | Reached skill level 3 in Armour
  2445 | D:3      | Reached XP level 5. HP: 29/47 MP: 4/4
  2851 | D:3      | Noticed a sky beast
  2871 | D:3      | Killed a sky beast
  2872 | D:3      | Reached skill level 5 in Fighting
  2872 | D:3      | Reached XP level 6. HP: 35/56 MP: 5/5
  3289 | D:4      | Reached *** piety under Trog
  3369 | D:4      | Noticed Grinder
  3381 | D:4      | Killed Grinder
  3382 | D:4      | Reached skill level 4 in Armour
  3593 | D:4      | Reached XP level 7. HP: 62/62 MP: 6/6
  3957 | D:5      | Entered Level 5 of the Dungeon
  3977 | D:4      | Reached skill level 5 in Armour
  4327 | D:5      | Reached skill level 6 in Armour
  4332 | D:5      | Found Nuhasodgh's Weapon Shop.
  4335 | D:5      | Found Louqeil's Weapon Shop.
  4400 | D:5      | Reached skill level 7 in Armour
  4400 | D:5      | Reached XP level 8. HP: 71/71 MP: 7/7
  4412 | D:5      | Found a staircase to the Ecumenical Temple.
  4425 | D:5      | Reached skill level 1 in Throwing
  4776 | D:6      | Reached skill level 8 in Armour
  5040 | D:6      | Reached skill level 1 in Shields
  5309 | D:6      | Found a shimmering altar of Xom.
  5385 | D:6      | Reached skill level 9 in Armour
  5477 | D:6      | Reached skill level 1 in Stealth
  5842 | D:6      | Found a shimmering altar of Xom.
  5991 | D:6      | Reached **** piety under Trog
  6203 | D:7      | Reached XP level 9. HP: 54/79 MP: 8/8
  7047 | D:7      | Reached skill level 10 in Armour
  7983 | D:8      | Reached skill level 5 in Dodging
  8400 | D:8      | Reached skill level 11 in Armour
  8574 | D:8      | Reached skill level 1 in Polearms
  8792 | D:8      | Noticed a tengu warrior
  9217 | D:8      | Noticed a four-headed hydra
  9226 | D:8      | Slain by a four-headed hydra

Illustrated notes

Levels and vault maps discovered:
D:1:      dpeg_arrival_signposts, layout_rooms,
          shapermc_ecumenical_altar_acropolis, minmay_misc_feat_more_columns,
          minmay_worlds_worst_comb
D:2:      layout_loops_ring
D:3:      layout_loops_corners
D:4:      layout_rooms, minmay_fountain_box, uniq_grinder
D:5:      layout_rooms, minmay_temple_entry_ruins, hangedman_decor_slide_cut,
          minmay_misc_feat_room, nicolae_wooded_promenade, grunt_ministairs_14
D:6:      layout_basic, xom_redecorated
D:7:      layout_loops_ring
D:8:      layout_cave_pods, small_chamber_with_monster, minivault_10,
          minmay_crossroads

Skill      XL: |  1  2  3  4  5  6  7  8  9 |
---------------+----------------------------+-----
Axes           | 4 5 6 7 8 9 |  9.5
Fighting       | 4 5 6 7 |  7.7
Armour         | 3 4 7 9 11 | 11.1
Dodging        | 3 4 5 |  5.1
Throwing       | 2 3 |  3.7
Shields        | 1 2 |  2.5
Stealth        | 1 |  1.9
Polearms       | 1 |  1.0

Action                   |  1- 3 |  4- 6 |  7- 9 || total
-------------------------+-------+-------+-------++-------
Melee: Hand axe          |    71 |   109 |   203 ||   383
       Headbutt          |    10 |    20 |    73 ||   103
       Trident           |       |       |    44 ||    44
Throw: Dart              |       |     1 |    55 ||    56
       Javelin           |       |       |    11 ||    11
Invok: Trog's Hand       |       |     1 |     7 ||     8
       Berserk           |       |     1 |       ||     1
  Use: Scroll            |       |     3 |     9 ||    12
       Potion            |       |       |     2 ||     2
 Stab: Sleeping          |       |       |     1 ||     1
Armor: Animal skin       |     5 |       |       ||     5
       Ring mail         |    10 |    33 |    84 ||   127
       Plate armour      |       |       |    35 ||    35
Dodge: Dodged            |    38 |    41 |   121 ||   200
Block: Buckler           |       |     2 |    39 ||    41
       Kite shield       |       |       |    33 ||    33
